 Dungeon Crawl Stone Soup version 0.26-a0-1176-g060ceda6a5 (webtiles) character file.

Game seed: 8988025950647390812

10598 lorenzova the Thaumaturge (level 11, -5/53 (54) HPs)
             Began as a Deep Elf Conjurer on Dec 24, 2020.
             Was a Priest of Vehumet.
             Slain by a red ugly thing (12 damage)
             ... on level 11 of the Dungeon.
             The game lasted 00:22:23 (13752 turns).

lorenzova the Thaumaturge (Deep Elf Conjurer)      Turns: 13752, Time: 00:22:24

HP:   -5/53 (54)    AC:  2    Str:  4    XL:     11   Next: 38%
MP:   19/30         EV: 13    Int: 32    God:    Vehumet [***...]
Gold: 533           SH:  0    Dex: 13    Spells: 23/37 levels left

rFire    . . .     SeeInvis .   H - +7 spear of Kuheon {vamp, Int+5}
rCold    . . .     Faith    .   (no shield)
rNeg     . . .     Spirit   .   a - +0 robe
rPois    .         Reflect  .   (no helmet)
rElec    .         Harm     .   (no cloak)
rCorr    .         Rampage  .   (no gloves)
Will     +....                  (no boots)
Stlth    ++........             (no amulet)
HPRegen  0.17/turn              v - ring of flight
MPRegen  0.22/turn              (no ring)

@: lightly drained
A: no striking features
a: Renounce Religion, Evoke Flight


You were on level 11 of the Dungeon.
You worshipped Vehumet.
Vehumet was most pleased with you.
You visited 2 branches of the dungeon, and saw 12 of its levels.
You also visited: Ossuary.

You collected 659 gold pieces.
You spent 126 gold pieces at shops.

Inventory:

Hand Weapons
 H - the +7 spear of Kuheon (weapon) {vamp, Int+5}
   (You found it on level 9 of the Dungeon)

   It inflicts no extra harm, but heals its wielder when it wounds a living foe.
   It affects your intelligence (+5).
Armour
 a - a +0 robe (worn)
Jewellery
 e - a cursed -4 ring of intelligence {unknown}
 v - a ring of flight (left hand)
Wands
 c - a wand of iceblast (14)
 n - a wand of polymorph (20)
 D - a wand of paralysis (14)
 E - a wand of disintegration (7)
Scrolls
 b - 9 scrolls of teleportation
 d - 2 scrolls of immolation
 g - a scroll of random uselessness {unknown}
 h - 3 scrolls of remove curse
 k - a scroll of amnesia {unknown}
 o - 4 scrolls of magic mapping
 p - 3 scrolls of fog {unknown}
 u - 4 scrolls of fear
 y - a scroll of acquirement {unknown}
 B - 2 scrolls of enchant weapon {unknown}
 C - 3 scrolls of enchant armour {unknown}
 I - a scroll of identify
Potions
 i - 4 potions of curing
 j - a potion of mutation
 l - 2 potions of attraction {unknown}
 m - 2 potions of magic
 q - a potion of resistance {unknown}
 r - 2 potions of invisibility {unknown}
 s - 3 potions of lignification {unknown}
 t - a potion of haste {unknown}
 w - 3 potions of heal wounds {unknown}
 x - 2 potions of brilliance {unknown}
 z - a potion of cancellation {unknown}
 G - a potion of berserk rage {unknown}
 J - a potion of ambrosia {unknown}


   Skills:
 - Level 2.4 Dodging
 - Level 2.4 Stealth
 * Level 13.5 Spellcasting
 * Level 12.1 Conjurations
 + Level 7.3 Hexes
 - Level 6.0 Translocations
 * Level 6.8 Fire Magic


You had 23 spell levels left.
You knew the following spells:

 Your Spells              Type           Power        Failure   Level
a - Magic Dart            Conj           100%         0%          1
b - Searing Ray           Conj           100%         0%          2
c - Iskenderun's Mystic   Conj/Tloc      68%          1%          4
d - Fulminant Prism       Conj/Hex       35%          1%          4
x - Conjure Flame         Conj/Fire      70%          1%          3

Your spell library contained the following spells:

 Spells                   Type           Power        Failure   Level
 Ignite Poison            Fire/Tmut/Pois 36%          1%          3
 Apportation              Tloc           100%         1%          1
 Dazzling Flash           Conj/Hex       100%         1%          3
 Lesser Beckoning         Tloc           28%          1%          3
 Mephitic Cloud           Conj/Pois/Air  47%          1%          3
 Summon Small Mammal      Summ           84%          2%          1
 Poisonous Vapours        Pois/Air       42%          3%          2
 Summon Mana Viper        Hex/Summ       45%          13%         5
 Freezing Cloud           Conj/Ice/Air   23%          16%         6


Dungeon Overview and Level Annotations

Branches:
Dungeon (11/15)            Temple (1/1) D:6            Lair (0/6) D:8
Ossuary (visited)
    Orc: D:9-12

Altars:
Ashenzari
Cheibriados
Dithmenos
Elyvilon
Fedhas
Gozag
Kikubaaqudgha
Makhleb
Nemelex Xobeh
Okawaru
Qazlal
Ru
Sif Muna
Trog
Uskayaw
Vehumet
Xom
Yredelemnul
Zin
The Shining One

Shops:
D:10 !

Annotations:
D:3 2 transporters, MoonlitKnight's ghost, amateur DECj
D:4 Duvessa


Message History

Unknown command.
You start resting.
A red ugly thing comes into view.
A red ugly thing is nearby!
Casting: Iskenderun's Mystic Blast (safe; 1% risk of failure)
Confirm with . or Enter, or press ? or * to list all spells.
Aiming: Searing Ray (safe; 0% risk of failure)
Press: ? - help, Shift-Dir - straight line, f - red ugly thing
Aim: a red ugly thing (wandering, hasn't noticed you, 17% to evade)
The searing ray misses the red ugly thing. (Press . to maintain the ray.)
The red ugly thing gurgles horribly!
Unknown command.
The searing ray misses the red ugly thing.
The searing ray hits the red ugly thing!
The red ugly thing is lightly wounded.
The red ugly thing gores you!
* * * LOW HITPOINT WARNING * * *
You are engulfed in flames!
You die...

.######## oooo*...# #)#
##+## #)# ##...## #@#
#.....## ####u#
.).....## ##.##.#
.)......####...#.#####.
..<)..).'.....)........#
.†).....####...#.#####..
..)....## #.....#
#....)## #.##### ##...##
#.#


You could see a red ugly thing.

Vanquished Creatures
  A two-headed ogre (D:8)
  Pikel (D:8)
  Maurice (D:8)
  The ghost of lagdotcom the Firebug, a novice GrFE of Vehumet (D:6)
  An efreet (D:10)
  A troll (D:8)
  Grinder (D:4)
  Prince Ribbit (D:6)
  Sigmund (D:4)
  12 yaks
  2 wyverns (D:10)
  A vampire (D:10)
  A steam dragon (D:10)
  Edmund (D:4)
  A soldier ant (D:10)
  3 orc warriors
  An ice beast (D:5)
  A sky beast (D:9)
  A black bear (D:9)
  A phantom (D:8)
  4 ogres
  3 wolves (D:8)
  3 centaurs
  8 big kobolds
  2 lemures (D:8)
  2 elf zombies (Ossuary)
  5 bullfrogs
  Blork the orc (D:6)
  Dowan (D:4)
  5 scorpions
  A water moccasin skeleton (D:8)
  9 killer bees
  5 wights (D:11)
  3 howler monkeys
  2 electric eels (D:8)
  A bullfrog zombie (D:10)
  A centaur zombie (Ossuary)
  A human zombie (Ossuary)
  5 hounds
  2 jellies (D:5)
  6 orc priests
  Crazy Yiuf (D:6)
  Ijyb (D:3)
  A bullfrog skeleton (D:6)
  5 orc wizards
  Terence (D:3)
  5 iguanas
  13 worker ants
  A killer bee zombie (D:5)
  A hound skeleton (D:10)
  2 mummies (Ossuary)
  4 gnolls (D:7)
  13 adders
  A howler monkey skeleton (D:7)
  2 shadow imps
  2 white imps (D:10)
  3 ufetubi
  An ooze (D:3)
  An adder zombie (Ossuary)
  2 adder skeletons
  3 worms
  4 dart slugs
  6 leopard geckos
  20 orcs
  10 giant cockroaches
  5 goblins
  4 hobgoblins
  7 jackals
  11 kobolds
  6 quokkas
  2 ball pythons
  10 bats
  11 frilled lizards
  11 hobgoblin zombies (Ossuary)
  A jackal skeleton (D:8)
  3 jackal zombies (Ossuary)
  6 kobold zombies (Ossuary)
  A leopard gecko skeleton (D:4)
  A leopard gecko zombie (D:8)
  11 orc zombies (Ossuary)
  A quokka skeleton (D:8)
  11 rats
  A rat zombie (Ossuary)
310 creatures vanquished.

Vanquished Creatures (others)
  26 fulminant prisms
  A fungus (D:6)
  6 plants
33 creatures vanquished.

Grand Total: 343 creatures vanquished

Notes
Turn   | Place    | Note
-------+----------+-------------------------------------------
     0 | D:1      | lorenzova the Deep Elf Conjurer began the quest for the
                  | Orb.
     0 | D:1      | Reached XP level 1. HP: 10/10 MP: 6/6
   188 | D:1      | Reached XP level 2. HP: 15/15 MP: 4/8
   191 | D:1      | Learned a level 2 spell: Searing Ray
   725 | D:1      | Reached skill level 4 in Spellcasting
   816 | D:2      | Reached skill level 5 in Conjurations
   816 | D:2      | Reached XP level 3. HP: 19/19 MP: 5/10
  1653 | D:2      | Reached XP level 4. HP: 24/24 MP: 9/12
  2231 | D:3      | Reached skill level 5 in Spellcasting
  2447 | D:3      | Found a faded altar of an unknown god.
  2487 | D:3      | Found a transporter.
  2495 | D:3      | Noticed MoonlitKnight's ghost (amateur DECj)
  2515 | D:3      | Reached XP level 5. HP: 28/28 MP: 11/15
  2560 | D:3      | Noticed Terence
  2569 | D:3      | Killed Terence
  2811 | D:3      | Noticed Ijyb
  2839 | D:3      | Killed Ijyb
  2840 | D:3      | Reached skill level 6 in Spellcasting
  3156 | D:3      | Found a transporter.
  3258 | D:4      | Found a sand-covered staircase.
  3258 | D:4      | Noticed Sigmund
  3261 | D:4      | Killed Sigmund
  3262 | D:4      | Reached XP level 6. HP: 30/32 MP: 11/17
  3266 | D:4      | Reached skill level 7 in Spellcasting
  3473 | Ossuary  | Entered an ossuary
  4011 | Ossuary  | Reached XP level 7. HP: 31/36 MP: 8/20
  4339 | Ossuary  | Reached skill level 8 in Spellcasting
  4515 | D:4      | Noticed Edmund
  4526 | D:4      | Killed Edmund
  4927 | D:4      | Noticed Grinder
  4931 | D:4      | Killed Grinder
  4932 | D:4      | Reached skill level 9 in Spellcasting
  4932 | D:4      | Reached XP level 8. HP: 41/41 MP: 17/23
  5145 | D:4      | Learned a level 4 spell: Iskenderun's Mystic Blast
  5150 | D:4      | Learned a level 4 spell: Fulminant Prism
  5416 | D:4      | Noticed Duvessa
  5416 | D:4      | Noticed Dowan
  5488 | D:4      | Killed Dowan
  5926 | D:5      | Entered Level 5 of the Dungeon
  5931 | D:5      | Reached skill level 1 in Hexes
  5995 | D:5      | Reached skill level 1 in Translocations
  6598 | D:5      | Reached skill level 10 in Spellcasting
  6764 | D:5      | Identified Mete's Disquisition on the Creative Traveller
  6966 | D:6      | Noticed Prince Ribbit
  6971 | D:6      | Killed Prince Ribbit
  7081 | D:6      | Found a runed translucent gate.
  7081 | D:6      | Found a runed translucent gate.
  7081 | D:6      | Found a runed translucent gate.
  7134 | D:6      | Found a staircase to the Ecumenical Temple.
  7137 | D:6      | Reached XP level 9. HP: 27/45 MP: 21/25
  7143 | Temple   | Entered the Ecumenical Temple
  7359 | Temple   | Became a worshipper of Vehumet
  7517 | D:6      | Noticed lagdotcom's ghost (novice GrFE)
  7628 | D:6      | Noticed Blork the orc
  7632 | D:6      | Killed Blork the orc
  7748 | D:6      | Found a runed translucent door.
  7749 | D:6      | Noticed Crazy Yiuf
  7788 | D:6      | Identified the +4 short sword "Zassoa" {drain, *Contam
                  | rElec Will+ Int+9}
  7854 | D:6      | Killed Crazy Yiuf
  7956 | D:6      | Killed lagdotcom's ghost
  7957 | D:6      | Reached skill level 11 in Spellcasting
  7957 | D:6      | Reached skill level 10 in Conjurations
  8283 | D:7      | Learned a level 3 spell: Conjure Flame
  8317 | D:7      | Reached skill level 1 in Fire Magic
  8675 | D:7      | Reached * piety under Vehumet
  8675 | D:7      | Offered knowledge of Foxfire by Vehumet.
  8706 | D:7      | Reached skill level 5 in Hexes
  9487 | D:8      | Noticed Pikel
  9492 | D:8      | Killed Pikel
  9493 | D:8      | Reached XP level 10. HP: 50/50 MP: 7/27
  9699 | D:8      | Reached skill level 12 in Spellcasting
  9721 | D:8      | Noticed Maurice
  9845 | D:8      | Noticed a two-headed ogre
 10320 | D:8      | Killed Maurice
 10554 | D:8      | Found a staircase to the Lair.
 10635 | D:8      | Killed a two-headed ogre
 10636 | D:8      | Reached skill level 5 in Translocations
 10694 | D:8      | Reached skill level 5 in Fire Magic
 11148 | D:8      | Offered knowledge of Sandblast by Vehumet.
 11200 | D:9      | Got an iridescent spear
 11282 | D:9      | Reached ** piety under Vehumet
 11323 | D:9      | Reached skill level 13 in Spellcasting
 11446 | D:9      | Found a sparkling altar of Nemelex Xobeh.
 11637 | D:9      | Reached XP level 11. HP: 51/54 MP: 28/30
 12293 | D:9      | Identified the +7 spear of Kuheon {vamp, Int+5} (You found
                  | it on level 9 of the Dungeon)
 12310 | D:10     | Entered Level 10 of the Dungeon
 12410 | D:10     | Found an iron altar of Okawaru.
 12801 | D:10     | Found Juxosunn's Distillery.
 12809 | D:10     | Bought a potion of magic for 112 gold pieces
 12809 | D:10     | Bought a potion of degeneration for 14 gold pieces
 13220 | D:10     | Offered knowledge of Ignite Poison by Vehumet.
 13630 | D:11     | Reached *** piety under Vehumet
 13749 | D:11     | Noticed a red ugly thing
 13752 | D:11     | Slain by a red ugly thing

Illustrated notes

Levels and vault maps discovered:
D:1:      dpeg_arrival_rooms_a, layout_basic
D:2:      layout_loops_corners, serial_park_tiny_1,
          chequers_serial_rivers_large_b, minmay_misc_feat_iff
D:3:      layout_basic, gammafunk_ghost_stat_death,
          chequers_ecumenical_altar_simple_redux, uniq_natasha, uniq_terence,
          uniq_ijyb
D:4:      layout_basic, nicolae_ossuary_entry_ruins, uniq_grinder, uniq_sigmund,
          uniq_duvessa, uniq_edmund
D:5:      layout_rooms
D:6:      layout_rooms, minmay_temple_entry_proselytizer,
          gammafunk_ghost_nasty_kobolds, uniq_blork_the_orc,
          uniq_crazy_yiuf_cottage, uniq_prince_ribbit1
D:7:      layout_basic, minmay_checkerbox
D:8:      layout_cave_pools, erik_lair_island,
          minmay_fractal_squares_diagonal_5, uniq_maurice, uniq_pikel
D:9:      layout_roguey, overflow_temple_1_default
D:10:     layout_loops_ring, serial_shops, shop_coins, moated_statue,
          serial_bayou_pond_b, ebering_dispersal_statue_hall, okawaru_trees_2
D:11:     layout_loops_corners, david_orc_5
Temple:   minmay_crystal_snake_temple

Skill      XL: |  1  2  3  4  5  6  7  8  9 10 11 |
---------------+----------------------------------+-----
Spellcasting   | 4 5 6 7 9 10 11 13 | 13.5
Conjurations   | 5 6 7 8 9 10 11 12 | 12.1
Hexes          | 3 5 6 7 |  7.3
Translocations | 2 4 5 6 |  6.0
Fire Magic     | 3 5 6 |  6.8
Dodging        | |  2.4
Stealth        | |  2.4

Action                   |  1- 3 |  4- 6 |  7- 9 | 10-12 || total
-------------------------+-------+-------+-------+-------++-------
 Cast: Magic Dart        |    77 |   107 |   133 |    89 ||   406
       Searing Ray       |       |    17 |    42 |    44 ||   103
       Fulminant Prism   |       |       |     7 |    19 ||    26
       Iskenderun's Myst |       |       |    14 |     9 ||    23
  Use: Scroll            |     1 |     1 |     6 |     2 ||    10
Armor: Robe              |       |     2 |     9 |     2 ||    13
Dodge: Dodged            |     7 |    14 |    35 |    25 ||    81

Table legend: (Time is in decaauts)
 A = Elapsed time spent in this place.
 B = Non-inter-level travel time spent in this place.
 C = Inter-level travel time spent in this place.
 D = Time resting spent in this place.
 E = Time spent auto-exploring this place.
 F = Levels seen in this place.
 G = Mean time per level.
                   A        B        C        D        E       F      G
               +--------+--------+--------+--------+--------+-----+--------+
         Total |  13776 |  13281 |    495 |   6089 |   5683 |  13 | 1059.7 |
       Dungeon |  12447 |  12039 |    408 |   5426 |   5381 |  11 | 1131.5 |
        Temple |    303 |    216 |     87 |      0 |    214 |   1 |  303.0 |
       Ossuary |   1025 |   1025 |      0 |    663 |     88 |   1 | 1025.0 |
               +--------+--------+--------+--------+--------+-----+--------+

Top non-repeatable levels by time:
     D:7: 1524 daAuts
     D:8: 1503 daAuts
     D:4: 1416 daAuts
     D:2: 1376 daAuts
     D:3: 1323 daAuts
    D:10: 1314 daAuts
     D:9: 1115 daAuts
     D:5: 1039 daAuts
 Ossuary: 1025 daAuts
     D:6: 898 daAuts
     D:1: 808 daAuts
  Temple: 303 daAuts
    D:11: 126 daAuts
